 Dungeon Crawl Stone Soup version 0.31-a0-960-g0fca184906 (webtiles) character file.

Game seed: 12484628816151374961

71 Arcadio the Trooper (level 4, 0/40 HPs)
             Began as a Ghoul Monk on Oct 23, 2023.
             Slain by an orc
             ... wielding a +0 hand axe
              (1 damage)
             ... on level 2 of the Dungeon.
             The game lasted 00:03:51 (2318 turns).

Arcadio the Trooper (Ghoul Monk)                    Turns: 2318, Time: 00:03:51

Health: 0/40       AC:  3    Str: 16    XL:     4   Next: 24%
Magic:  3/3        EV: 12    Int:  5    God:
Gold:   113        SH:  0    Dex: 11    Spells: 3/3 levels left

rFire   + . .        d - +0 hand axe
rCold   . . .        c - orb {light}
rNeg    + + +        a - +0 robe
rPois   ∞            f - +1 hat
rElec   .            (no cloak)
rCorr   +            (no gloves)
SInv    .            (no boots)
Will    .....        (no amulet)
Stlth   +            k - ring of resist corrosion
HPRegen 0.00/turn    n - ring of fire
MPRegen 0.08/turn

%: no passive effects
@: inhibited regen, glowing
A: claws 1, cold resistance 1, negative energy resistance 3, inhibited
regeneration, torment resistance 2, devour on kill
a: no special abilities


You were on level 2 of the Dungeon.
You visited 1 branch of the dungeon, and saw 3 of its levels.

You collected 113 gold pieces.

Inventory:

Hand Weapons
 d - a +0 hand axe (weapon)
Armour
 a - a +0 robe (worn)
 c - an orb of light (worn)
 f - a +1 hat (worn)
Jewellery
 k - a ring of resist corrosion (left claw)
 n - a ring of fire (right claw)
Scrolls
 e - a scroll of identify {unknown}
 h - 3 scrolls of teleportation
 i - a scroll of silence {unknown}
 j - 2 scrolls of blinking {unknown}
 l - a scroll of immolation {unknown}
 o - a scroll of revelation {unknown}
 p - a scroll of fear {unknown}
Potions
 b - a potion of ambrosia
 g - a potion of might {unknown}
 m - a potion of curing {unknown}


   Skills:
 + Level 4.2 Fighting
 + Level 3.3 Dodging
 + Level 4.1 Unarmed Combat


You had 3 spell levels left.
You didn't know any spells.
Your spell library was empty.

Dungeon Overview and Level Annotations

Branches:
Dungeon (3/15) Zot: 15633

Altars:

Shops:
D:1 (

Annotations:
D:2 1 runed translucent door, Crazy Yiuf


Innate Abilities, Weirdness & Mutations

You are immune to poison.
You have sharp fingernails.
Your flesh is cold resistant. (rC+)
You are immune to negative energy. (rN+++)
You do not regenerate when monsters are visible.
You are immune to unholy pain and torment.
You thrive by killing the living.


Message History

The orc wizard casts a spell.
The orc wizard flickers and vanishes for a moment.
Okay, then.
The orc barely misses you. The gnoll closely misses you.
You climb upwards.
Level annotation: 1 runed translucent door, Crazy Yiuf
There is a stone staircase leading down here.
You hit the orc but do no damage. The orc barely misses you.
You barely miss the orc. The orc closely misses you.
You slash the orc!
You kill the orc!
Things that are here:
a +0 flail; an orc corpse
There is a stone staircase leading down here.
You climb downwards.
The kobold shouts!
The orc hits you with a +0 hand axe. The orc closely misses you.
There is a stone staircase leading up here.
The orc priest barely misses you. The orc hits you with a +0 hand axe. x2
The gnoll hits you from afar with a +0 halberd!
You climb upwards.
Level annotation: 1 runed translucent door, Crazy Yiuf
There is a stone staircase leading down here.
The orc hits you with a +0 hand axe.
The orc priest begins to cast a cantrip, but forgets the words!
The orc attacks as it pursues you! The orc barely misses you.
You barely miss the orc. You slash the orc!
You kill the orc!
You feel better. The orc misses you.
You barely miss the orc. The orc hits you with a +0 hand axe.
You barely miss the orc.
The orc priest invokes the aid of Beogh against you.
Beogh smites you!
* * * LOW HITPOINT WARNING * * *
The orc closely misses you. The orc attacks as it pursues you!
The orc closely misses you. The orc attacks as it pursues you!
The orc closely misses you. The orc attacks as it pursues you!
The orc hits you with a +0 hand axe.
You die...

..## #####.......# #.#######.#
..# #..[.....##.# #.........# #<#
#.###....##.# #####.##### #+##
#.# #.##.##.# #.# ...## #.#
#.##.##.# #.# #
....###.###.<.....# ###.# ##
.....##........#### ###.#.# ##.
......#.##....#########.....###..
.[....'.........@o.o.).)......'..
......#.##....#########>...####..
.....##.##..#.# #.#.## ##.
....###.##.##.# ##.### ## ...##
#.......# #..# # #'## ####.####
#.## ##### #.# #.# #.# ##.(.##
#.########.# #.###.....##
#..........# #.##.).....#


You could see an orc priest and an orc.

Vanquished Creatures
  An adder (D:2)
  2 worms (D:2)
  2 orcs (D:2)
  6 ball pythons
  6 bats
  2 endoplasms
  2 goblins (D:1)
  2 hobgoblins (D:2)
  4 jackals (D:1)
  4 quokkas
  3 frilled lizards (D:1)
  3 kobolds (D:2)
  20 rats
57 creatures vanquished.

Notes
Turn   | Place    | Note
-------+----------+-------------------------------------------
     0 | D:1      | Arcadio the Ghoul Monk began the quest for the Orb.
     0 | D:1      | Reached XP level 1. HP: 19/19 MP: 0/0
    30 | D:1      | Found Ycvuw's Antique Weapon Shop.
   117 | D:1      | Reached XP level 2. HP: 8/26 MP: 1/1
   862 | D:1      | Reached XP level 3. HP: 30/33 MP: 2/2
  1405 | D:2      | Reached XP level 4. HP: 40/40 MP: 3/3
  1959 | D:2      | Found a runed translucent door.
  1960 | D:2      | Noticed Crazy Yiuf
  2314 | D:2      | HP: 1/40 [orc priest/divine providence (15)]
  2318 | D:2      | Slain by an orc

Illustrated notes

Levels and vault maps discovered:
D:1:      dpeg_arrival_ternary, layout_loops_corners, serial_shops,
          nicolae_shop_tiny_real_fake_doors
D:2:      layout_loops_corners, minmay_rat_hole, uniq_crazy_yiuf_cottage
D:3:      layout_rooms, mainiacjoe_overflow_alcove_4

Skill      XL: |  1  2  3 |
---------------+----------+-----
Dodging        | 3 |  3.3
Fighting       | 4 |  4.2
Unarmed Combat | 4 |  4.1

Action                     |  1- 3 |  4- 6 || total
---------------------------+-------+-------++-------
  Melee: Hand axe          |   122 |    39 ||   161
    Use: Scroll            |     1 |       ||     1
 Armour: Robe              |    77 |    20 ||    97
  Dodge: Dodged            |    99 |    25 ||   124

Table legend: (Time is in decaauts)
 A = Elapsed time spent in this place.
 B = Non-inter-level travel time spent in this place.
 C = Inter-level travel time spent in this place.
 D = Time resting spent in this place.
 E = Time spent auto-exploring this place.
 F = Levels seen in this place.
 G = Mean time per level.
                   A        B        C        D        E       F      G
               +--------+--------+--------+--------+--------+-----+--------+
         Total |   2365 |   2343 |     22 |      0 |   1849 |   3 |  788.3 |
       Dungeon |   2365 |   2343 |     22 |      0 |   1849 |   3 |  788.3 |
               +--------+--------+--------+--------+--------+-----+--------+

Top non-repeatable levels by time:
     D:2: 1402 daAuts
     D:1: 953 daAuts
     D:3: 9 daAuts
